[Event "*** Titled Tuesday Blitz"]
[Site "Chess.com"]
[Date "2018.04.03"]
[Round "3"]
[White "GMMatamoros"]
[Black "PulpanJ"]
[Result "1-0"]
[WhiteElo "2463"]
[BlackElo "2418"]
[TimeControl "180+2"]
[EndTime "13:38:01 PDT"]
[Termination "GMMatamoros won on time"]

1. Nf3 Nf6 2. c4 e6 3. g3 d5 4. Bg2 Be7 5. O-O O-O 6. b3 a5 7.
Nc3 c6 8. Bb2 Nbd7 9. e3 Nc5 10.
d4 Nce4 11. Ne2 a4 12. Qc2 a3 13. Bc3 b5 14. c5 Nxc3 15. Nxc3 b4 16. Ne2 Ba6 17. Rfe1 Qc7 18. Ne5 Nd7 19. Nxd7 Qxd7 20. Nf4 f5 21. Bf1 g5 22. Bxa6 gxf4 23. Bd3 fxg3 24.
hxg3 h5 25. Kg2 h4 26. Rh1 Qe8 27. Rag1 Qh5 28. Be2 Qh6 29. gxh4 Bxh4 30. Kf1+ Kf7 31. Rh3 Rh8 32. Bf3 Qf6 33. Qd2 Rab8 34. Rgh1 Rh6 35.
Qd1 Rbh8 36. Qd2 Rb8 37. Qe2 f4 38. Qa6 Re8 39. Qxc6 fxe3 40. fxe3 Bg5 41. Ke2 Qg6 42. Qc7+ Re7 43. Qg3 Qc2+ 44. Kf1 Qc1+ 45. Kg2 Qd2+ 46. Qf2 Qxf2+ 47. Kxf2 Kg6 48. Rxh6+ Bxh6 49. Ke2 e5 50.
Rg1+ Bg5 51. dxe5 Rxe5 52. Kf2 Rxe3 53. Rxg5+ Kxg5 54. Kxe3 1-0

[Event "*** Titled Tuesday Blitz"]
[Site "Chess.com"]
[Date "2018.04.03"]
[Round "3"]
[White "lachesisQ"]
[Black "Arash_Tahbaz"]
[Result "1-0"]
[WhiteElo "2907"]
[BlackElo "2619"]
[TimeControl "180+2"]
[EndTime "13:38:03 PDT"]
[Termination "lachesisQ won by resignation"]

1. e4 d5 2. exd5 Qxd5 3. Nc3 Qa5 4. d4 Nf6 5. Bc4 c6 6. Nf3 Bf5 7. Bd2 Nbd7 8. Nd5 Qd8 9. Nxf6+ Nxf6 10. Qe2 e6 11. O-O-O Be7 12. Ne5 Be4 13. f3 Bd5 14. g4 Bxc4 15. Qxc4 Nd7 16. Kb1 O-O 17. h4 a5 18. h5 a4 19. f4 a3 20. b3 Nb6 21. Qd3 Bd6 22. g5 f5 23. g6 h6 24.
Nf7 Qd7 25. c4 Bc7 26. Bc1 Nc8 27. d5 exd5 28. cxd5 cxd5 29. Qxd5 Qxd5 30. Rxd5 Nb6 31. Rxf5 Rfe8 32. Rc5 Bd8 33. Nd6 Re2 34. Re5 Rxe5 35.
fxe5 Nd5 36. Bd2 Bb6 37. Nxb7 Re8 38. Rc1 Bd4 39. Nd6 Rf8 40. Nf7 Re8 41. Rc4 Bb2 42.
b4 Nb6 43. Rc6 Nd7 44. Bc3 Bxc3 45. Rxc3 Kf8 46. Rxa3 Rb8 47. Rb3 Nb6 48. Nd6 Ke7 49. Nf5+ Ke6 50. Nxg7+ Kxe5 51. Re3+ Kd4 52. Re8 Rb7 53.
Nf5+ Kc3 54. g7 Nc4 55. g8=Q 1-0

[Event "*** Titled Tuesday Blitz"]
[Site "Chess.com"]
[Date "2018.04.03"]
[Round "3"]
[White "Korchmar_Vasiliy"]
[Black "Konavets"]
[Result "1-0"]
[WhiteElo "2651"]
[BlackElo "2759"]
[TimeControl "180+2"]
[EndTime "13:38:08 PDT"]
[Termination "Korchmar_Vasiliy won by resignation"]

1. d4 Nf6 2. Nf3 d6 3. Bg5 Bg4 4. Nbd2 Nbd7 5. c3 e5 6. h3 Bh5 7. g4 Bg6 8. Nh4 Be7 9. Bg2 c6 10. Qb3 Qc7 11. O-O e4 12. f4 exf3 13. exf3 Bd3 14.
Rfe1 h6 15. Be3 O-O 16. c4 Bh7 17. Bxh6 Nd5 18. Nf5 Bxf5 19. gxf5 Bh4 20. Re4 Bf6 21. Bxg7 Bxg7 22. cxd5 Nf6 23. Rh4 Nxd5 24. Kh1 Qe7 25. Rg4 Nf6 26. Rg3 Nh5 27. Rg4 Nf6 28. Rg3 Nh5 29. Rg4 d5 30. f4 Rae8 31. Nf3 Nf6 32. Rg3 Ne4 33. Rg5 Qd6 34. Rxg7+ Kxg7 35. Ne5 Qh6 36.
Bxe4 dxe4 37. Rg1+ Kh7 38. Qe3 Rg8 39. Rg5 Qh4 40. Ng4 Rxg5 41. fxg5 Kg7 42. Kg2 Rd8 43. f6+ Kh8 44. Nh6 Qh5 45. h4 Qg6 46. Qf4 Re8 47. Qg4 e3 48. Qd7 Qe4+ 49. Kg3 Qe6 50. Nxf7+ Kh7 51.
Qxe6 Rxe6 52. h5 e2 53. g6+ Kg8 54. Nh6+ Kf8 55. g7+ Ke8 56. g8=Q+ Kd7 57. Qf7+ Kd6 58. Nf5+ Kd5 59. Ne7+ Kd6 60. Nc8+ Kd5 61. Qd7+ 1-0

[Event "*** Titled Tuesday Blitz"]
[Site "Chess.com"]
[Date "2018.04.03"]
[Round "3"]
[White "GMKrikor"]
[Black "ZapataCharlesS"]
[Result "0-1"]
[WhiteElo "2639"]
[BlackElo "2660"]
[TimeControl "180+2"]
[EndTime "13:38:11 PDT"]
[Termination "ZapataCharlesS won by resignation"]

1. e4 e5 2. Nf3 d6 3. d4 exd4 4. Nxd4 Nf6 5. Nc3 Be7 6. g3 O-O 7. Bg2 Nc6 8. O-O Bd7 9. h3 Nxd4 10. Qxd4 Bc6 11. Bf4 Nd7 12. Rad1 Bf6 13. Qd2 Re8 14.
Rfe1 h6 15. b3 a5 16. Nd5 Bxd5 17. Qxd5 Rb8 18. Be3 Bc3 19. Re2 Bb4 20. f4 Qe7 21.
Bf2 Bc5 22. Bxc5 Nxc5 23. Bf3 Rbd8 24. Kg2 c6 25. Qd4 g5 26. Rde1 Ne6 27. Qd2 gxf4 28. gxf4 Qf6 29. f5 Nc5 30. Qf4 Kh8 31. Kh2 Rg8 32.
Rg2 Rxg2+ 33. Bxg2 Nd7 34. Rd1 Ne5 35. Rd2 Rg8 36. a3 b5 37. Kh1 a4 38. Qe3 axb3 39. cxb3 Ra8 40. Qd4 Rxa3 41. Qxd6 Qxd6 42. Rxd6 Rxb3 43.
Rxh6+ Kg7 44. Rd6 Rb1+ 45. Kh2 b4 46. Kg3 b3 47. Rd8 b2 48. Rb8 Nc4 49. e5 Re1 50. f6+ Kg6 51. Rg8+ Kf5 52. h4 b1=Q 53. Rg5+ Ke6 54.
Bh3+ Kd5 55. e6+ Kd4 0-1

[Event "*** Titled Tuesday Blitz"]
[Site "Chess.com"]
[Date "2018.04.03"]
[Round "3"]
[White "murmah2003"]
[Black "Koksik_13"]
[Result "1-0"]
[WhiteElo "2449"]
[BlackElo "2474"]
[TimeControl "180+2"]
[EndTime "13:38:14 PDT"]
[Termination "murmah2003 won on time"]

1. d4 e6 2. c4 d5 3. Nf3 a6 4. cxd5 exd5 5. Nc3 c6 6. Bf4 Bd6 7.
Bg3 Nf6 8. e3 Bf5 9. Qb3 b5 10.
Be2 O-O 11. O-O Ne4 12. Nxe4 Bxe4 13. Bxd6 Qxd6 14. Rac1 Nd7 15. Qc3 Rac8 16. Qa5 f5 17.
Qxa6 f4 18. exf4 Nb8 19. Qb7 Rc7 20. Qb6 Nd7 21. Qa6 Qxf4 22. Rc3 Nb8 23. Qa5 Rcf7 24.
Ne5 Rf6 25. Rg3 h5 26. Qc7 Qh6 27. Bf3 h4 28. Rg4 Bf5 29. h3 Kh8 30. Qa5 Nd7 31. Qc3 g5 32. Qd2 Rg8 33. Qc3 Qg7 34. Re1 Bxg4 35. Bxg4 Nxe5 36. Rxe5 Rgf8 37. f3 Qg6 38. a3 Re8 39. Qe3 Rxe5 40. dxe5 Rf8 41. e6 Qf6 42. Qc5 Re8 43. Qxc6 Qd4+ 44. Kh1 Re7 45. Qd6 Qf6 46. Qxd5 Qxb2 47. Qd8+ Kg7 48. Qxe7+ Kh6 49. Qf8+ Kg6 50. Qf7+ Kh6 51. e7 Qa1+ 52. Kh2 Qe5+ 53. f4 gxf4 54. Qe6+ Qxe6 55. Bxe6 1-0

[Event "*** Titled Tuesday Blitz"]
[Site "Chess.com"]
[Date "2018.04.03"]
[Round "3"]
[White "schoolmeester"]
[Black "Rumpel-VK"]
[Result "1-0"]
[WhiteElo "2614"]
[BlackElo "2377"]
[TimeControl "180+2"]
[EndTime "13:38:26 PDT"]
[Termination "schoolmeester won on time"]

1. e4 d6 2. d4 Nf6 3. Nc3 Nbd7 4.
Nf3 e5 5. Rg1 g6 6. g4 Bg7 7. g5 Nh5 8. Be3 c6 9. Bh3 Nb6 10.
Bxc8 Rxc8 11. dxe5 dxe5 12. Qxd8+ Rxd8 13. b3 Nf4 14. a4 h6 15. h4 hxg5 16. hxg5 Rh3 17. Nd2 Rh2 18. O-O-O Bf8 19. Nf3 Rxd1+ 20. Rxd1 Rh3 21.
Nxe5 Ng2 22. Bd2 Bg7 23. Nd3 Nh4 24. Ne2 Nf3 25. Be3 Ne5 26. Nxe5 Bxe5 27. Ng1 Rh4 28. Re1 Bf4 29. Bxf4 Rxf4 30. f3 Nd7 31. Kd2 Ne5 32. Ke3 Rh4 33. f4 Nd7 34. Nf3 Rh3 35. Kf2 Ke7 36.
Kg2 Rh8 37. a5 Nc5 38. Rd1 Ne6 39. Kg3 c5 40. c3 Rg8 41. Ne5 Rd8 42. Rxd8 Nxd8 43. Kg4 Ke6 44. Nd3 c4 45. bxc4 Nc6 46.
Nc5+ Kd6 47. Nxb7+ Kc7 48. a6 Kb6 49. Nd6 Kxa6 50. Nxf7 Kb6 51. Nd6 a5 52. Nb5 Kc5 53.
Na3 a4 54. Kf3 Na5 55. f5 Nxc4 56. Nxc4 Kxc4 57. fxg6 a3 58. g7 Kb3 59. g8=Q+ Kb2 60. c4 a2 61. Qa8 a1=Q 62. Qxa1+ Kc2 63. c5 Kd2 64. c6 Kd3 65. c7 Kd2 66. c8=Q 1-0

[Event "*** Titled Tuesday Blitz"]
[Site "Chess.com"]
[Date "2018.04.03"]
[Round "3"]
[White "florianschwabeneder"]
[Black "SanQui14"]
[Result "0-1"]
[WhiteElo "2376"]
[BlackElo "2216"]
[TimeControl "180+2"]
[EndTime "13:38:35 PDT"]
[Termination "SanQui14 won by resignation"]

1. e4 c5 2. Nf3 g6 3. Bc4 Bg7 4. O-O Nc6 5. a3 d6 6. d3 Nf6 7. c3 O-O 8. Re1 Rb8 9. Nbd2 b5 10. Ba2 Bb7 11. d4 cxd4 12. cxd4 a6 13. Nf1 Na5 14. Ng3 Rc8 15. Bb1 Rxc1 16. Qxc1 Nb3 17. Qc3 Nxa1 18. Bd3 Qc8 19. Qxc8 Rxc8 20. Rxa1 Nd7 21. Kf1 Nb6 22. Ke1 Bh6 23. Ne2 Nc4 24. Ra2 Na5 25. Ra1 Nb3 26. Rb1 e6 27. Kd1 Bg7 28. Bc2 Rxc2 29. Kxc2 Bxe4+ 30. Kxb3 Bxb1 31. Kb4 Bd3 32. Nc3 Bf1 33. g3 Bg2 34. Ne1 Bb7 35. Nc2 Bf6 36. h4 Kf8 37. d5 exd5 38. Ne2 Bxb2 39. Ka5 Ke7 40. Kb6 Bc8 41. Kc7 Bf5 42. Ncd4 Bxa3 43. Kb6 Bc8 44. Kc7 Bf5 45. Kb6 b4 46. Kxa6 Bd3+ 47. Ka5 Bxe2 48. Nxe2 b3 49. Ka4 b2 50. Nc3 Bc5 51. f3 d4 52. Nb1 d3 53. Kb3 Bd4 54.
Kc4 Bf2 55. g4 Bxh4 56. Kxd3 Bf6 57. Ke4 h5 58. gxh5 gxh5 59. Kf5 Bd4 60. Kg5 Ke6 61. Kxh5 Kf5 62. Kh4 Kf4 63. Kh5 Kxf3 64. Kg5 Ke2 65. Kf5 Kd1 66. Ke4 Be5 67. Kd3 Kc1 68. Na3 b1=Q+ 69.
Nxb1 Kxb1 0-1

[Event "*** Titled Tuesday Blitz"]
[Site "Chess.com"]
[Date "2018.04.03"]
[Round "3"]
[White "ChessQueen"]
[Black "kasparik_garik"]
[Result "1-0"]
[WhiteElo "2658"]
[BlackElo "2515"]
[TimeControl "180+2"]
[EndTime "13:38:37 PDT"]
[Termination "ChessQueen won on time"]

1. e4 g6 2. d4 Bg7 3. Nc3 c6 4. Be3 d5 5. Nf3 dxe4 6. Nxe4 Nd7 7. Bc4 Ngf6 8. Neg5 O-O 9. Qd3 Nd5 10. Bd2 b5 11.
Bb3 e6 12. O-O c5 13. c4 bxc4 14. Bxc4 cxd4 15. Bxd5 Nc5 16. Qc4 Qxd5 17. Qxd5 exd5 18. Bb4 Ne6 19. Bxf8 Kxf8 20. Rfd1 Nxg5 21. Nxg5 Bf5 22. Nf3 Bc2 23. Nxd4 Bxd1 24. Rxd1 Bxd4 25. Rxd4 Rc8 26. g3 Rc5 27. Ra4 a5 28. Kf1 Ke7 29. Ke2 Rc2+ 30. Ke3 Rxb2 31. Rxa5 h5 32. Ra7+ Ke6 33. a4 Ra2 34. h4 f6 35. a5 Ke5 36. a6 Ra3+ 37.
Ke2 Kf5 38. f3 d4 39. Ra8 Ke5 40. a7 Kf5 41. Kd2 Ra6 42. Kd3 Ra4 43. Kc2 Ra6 44. Kb3 Ra1 45. Kc4 Ra4+ 46. Kd3 Ra3+ 47. Kxd4 Ra4+ 48.
Kc5 Ra1 49. g4+ hxg4 50. fxg4+ Kxg4 51. h5 gxh5 52. Rg8+ Kf3 53. a8=Q+ Rxa8 54. Rxa8 h4 55. Rh8 Kg3 56. Kd4 h3 57. Ke3 Kg2 58. Ke2 h2 59. Rg8+ Kh3 60. Kf2 h1=Q 61. Rh8+ 1-0

[Event "*** Titled Tuesday Blitz"]
[Site "Chess.com"]
[Date "2018.04.03"]
[Round "3"]
[White "Fedor_Dvenyatin"]
[Black "Tramontanaaa"]
[Result "0-1"]
[WhiteElo "2523"]
[BlackElo "2394"]
[TimeControl "180+2"]
[EndTime "13:38:38 PDT"]
[Termination "Tramontanaaa won by resignation"]

1. d4 Nf6 2. Nf3 g6 3. c4 Bg7 4. g3 d5 5. Bg2 dxc4 6. Qa4+ Nbd7 7. O-O O-O 8. Qxc4 Nb6 9. Qd3 Bf5 10. Qd1 c5 11. dxc5 Nbd7 12. Nc3 Nxc5 13. Be3 Nce4 14. Bd4 Nxc3 15. Bxc3 Be4 16. Qb3 Bd5 17. Qa3 Qb6 18.
Rad1 e6 19. Rd4 Ne4 20. Rb4 Qc5 21. Bxg7 Kxg7 22. Qa4 Bc6 23. Qb3 Bd5 24. Qa4 Bc6 25. Qa3 a5 26. Rb3 Qxa3 27. Rxa3 Rfd8 28. Ne5 Bd5 29.
Rd1 f6 30. Nd3 b5 31. Bxe4 Bxe4 32. Rc3 Rac8 33. Rxc8 Rxc8 34. Nf4 e5 35. Ne6+ Kf7 36.
Nd8+ Ke7 37. f3 Ba8 38. Nf7 Kxf7 39. Rd7+ Ke6 40. Rxh7 Bd5 41. Ra7 a4 42. Ra5 Rc1+ 43. Kf2 Bc6 44. b3 axb3 45. axb3 Rb1 46. Ra6 Kd6 47.
h4 Rxb3 48. Ra7 Rb1 49. Rg7 Be8 50. g4 b4 51. Rb7 b3 52. e3 b2 53. Kg2 Bc6 54.
Rb8 Bxf3+ 55. Kf2 Bxg4 56. e4 Bh3 57. h5 gxh5 58. Kg3 Rg1+ 59. Kh4 b1=Q 60. Rd8+ Ke7 61. Rd2 Qxe4+ 0-1

[Event "*** Titled Tuesday Blitz"]
[Site "Chess.com"]
[Date "2018.04.03"]
[Round "3"]
[White "pedroholly22"]
[Black "guillembaches"]
[Result "1-0"]
[WhiteElo "2228"]
[BlackElo "2245"]
[TimeControl "180+2"]
[EndTime "13:38:48 PDT"]
[Termination "pedroholly22 won on time"]

1. e4 c5 2. Nf3 d6 3. d4 cxd4 4. Nxd4 Nf6 5. Nc3 Nc6 6. Bg5 e6 7. f4 h6 8. Bh4 Be7 9. Nxc6 bxc6 10.
Bd3 Nd7 11. Bxe7 Qxe7 12. O-O O-O 13. Kh1 e5 14. Qf3 exf4 15. Qxf4 Ne5 16. Rad1 Bg4 17. Rd2 Qg5 18. Qf2 Be6 19. Re2 Bg4 20. Ree1 Be6 21. b3 h5 22. Ne2 h4 23. Nd4 h3 24. gxh3 Bxh3 25. Rg1 Qh6 26. Rg3 g6 27. Nf5 Bxf5 28. exf5 g5 29. f6 Kh8 30. Qg2 g4 31. Rxe5 dxe5 32.
Rxg4 Rg8 33. h3 Rxg4 34. Qxg4 Rg8 35. Qf5 Qc1+ 36. Bf1 Qh6 37. a4 Qg6 38. Qf2 Qg3 39. Qxg3 Rxg3 40. Bg2 Rc3 41. Be4 Kg8 42. Kg2 c5 43. h4 Re3 44. Bf5 Re2+ 45. Kf3 Rh2 46. Kg3 Rh1 47. Be4 Rf1 48. Bf3 e4 49. Bxe4 Rxf6 50.
Kg4 Kg7 51. Kg5 a5 52. Bd3 Rd6 53. Kg4 Rd4+ 54. Kg5 f6+ 55. Kh5 Rf4 56. Be2 Rf2 57.
Bd3 f5 58. Kg5 f4 59. Kg4 f3 60. Kg3 Rd2 61. Kxf3 Kf6 62. Ke4 Rh2 63. Kd5 Rxh4 64. Kxc5 Rh5+ 65. Kb6 Ke6 66. Bb5 Kd5 67. Kxa5 Kc5 68.
b4+ Kd4 69. c4 Rh6 70. c5 Kc3 71. Ba6 Rh4 72. b5 Kb3 73. c6 Rxa4+ 74. Kb6 Rc4 75. c7 Kb4 76. c8=Q 1-0

[Event "*** Titled Tuesday Blitz"]
[Site "Chess.com"]
[Date "2018.04.03"]
[Round "3"]
[White "blitzcopter"]
[Black "Parhamov"]
[Result "0-1"]
[WhiteElo "2145"]
[BlackElo "2814"]
[TimeControl "180+2"]
[EndTime "13:38:50 PDT"]
[Termination "Parhamov won by resignation"]

1. e4 e5 2. Bc4 Nf6 3. d3 Bc5 4. Nc3 O-O 5. Bg5 Be7 6. Nf3 d6 7. h3 c6 8. Bb3 Nbd7 9. a3 b5 10.
Qd2 Bb7 11. O-O a6 12. Nh4 g6 13. Bh6 Re8 14. Nf5 Bf8 15. Bxf8 Nxf8 16. Nh6+ Kg7 17. Nxf7 Qe7 18. Qh6+ Kg8 19. Nxd6+ Kh8 20. Nxe8 Rxe8 21.
f4 N8d7 22. fxe5 Qxe5 23. Qh4 c5 24. Rf2 Qd4 25. Rf1 c4 26. dxc4 bxc4 27. Ba4 g5 28.
Qxg5 Rg8 29. Qf4 Nh5 30. Qf3 Ndf6 31. Kh2 Qe5+ 32. Kg1 Bc8 33. Nd5 Nxe4 34. Re2 Nhg3 35. Rxe4 Nxe4 36. Nf6 Nd2 37. Qf2 Rd8 38. Re1 Qf5 39.
Qxf5 Bxf5 40. Re8+ Rxe8 41. Nxe8 Ne4 42. Nc7 Nc5 43.
Bc6 Bxc2 44. Bd5 Bb3 45. Kf2 a5 46. Ke3 Na4 47. Kd4 Nxb2 48. Nb5 a4 49. Nc3 Kg7 50.
Ne4 Ba2 51. Nc3 Bb3 52. Ne4 h5 53. Kc3 Nd1+ 54. Kb4 Ne3 55. Nc3 Nc2+ 56. Kc5 Nxa3 57. Ne2 h4 58. Kb4 Nc2+ 59. Kc3 a3 60. Nc1 Ne3 61. Be4 Nd1+ 62. Kb4 a2 63. Nxa2 Bxa2 64. Bd5 c3 65. Be4 Kf6 66. Bc2 Ne3 67. Bd3 c2 0-1

[Event "*** Titled Tuesday Blitz"]
[Site "Chess.com"]
[Date "2018.04.03"]
[Round "3"]
[White "ckgchess"]
[Black "PchelkinVK"]
[Result "0-1"]
[WhiteElo "2513"]
[BlackElo "2382"]
[TimeControl "180+2"]
[EndTime "13:39:01 PDT"]
[Termination "PchelkinVK won on time"]

1. e4 e6 2. d3 d5 3. Nd2 Nf6 4. g3 b6 5. Bg2 Bb7 6. e5 Nfd7 7. f4 c5 8. Ngf3 Nc6 9. O-O h5 10. h4 Ne7 11. Kh2 Nf5 12. Qe1 b5 13. a4 a6 14. Bh3 g6 15. d4 Nxd4 16. Nxd4 cxd4 17. Nb3 Nc5 18. Nxd4 Nxa4 19. f5 gxf5 20. Bg5 Qb6 21. Be3 Bc5 22. c3 Nxb2 23. Bxf5 exf5 24. Qf2 Nc4 25. Qxf5 Nxe3 26. Qxf7+ Kd8 27. Rf6 Rf8 28. Ne6+ Kc8 29. Nxf8 Ng4+ 30. Kh3 Nxf6 31. exf6 Bxf8 32. Qxf8+ Qd8 33. Qc5+ Qc7 34. Qf8+ Qd8 35. Qc5+ Kb8 36. f7 Qd7+ 37. Kg2 Qxf7 38. Rf1 d4+ 39. Kg1 Qc7 40. Rf8+ Bc8 41. Qxd4 Qxg3+ 42. Kf1 Ra7 43. Rxc8+ Kxc8 44. Qxa7 Qd3+ 45. Kg1 Qg3+ 46. Kf1 Qf4+ 47. Kg1 Qg4+ 48. Kf1 Qf5+ 49. Kg1 Qf6 50. Qa8+ Kc7 51. Qa7+ Kd8 52. Qb8+ Ke7 53. Qb7+ Kf8 54. Qa8+ Kg7 55. Qb7+ Kh6 56. Qc8 a5 57. Qc7 a4 58. Qc5 Qxh4 59. Qxb5 Qg5+ 0-1

[Event "*** Titled Tuesday Blitz"]
[Site "Chess.com"]
[Date "2018.04.03"]
[Round "3"]
[White "nOcHeaTiNgKiD"]
[Black "Mistheoretical"]
[Result "1/2-1/2"]
[WhiteElo "2373"]
[BlackElo "2279"]
[TimeControl "180+2"]
[EndTime "13:39:09 PDT"]
[Termination "Game drawn by repetition"]

1. Nf3 d6 2. d4 Bg4 3. e4 Nf6 4. Nc3 e6 5. h3 Bh5 6. Bd3 Be7 7. g4 Bg6 8. h4 d5 9. exd5 exd5 10. Ne5 Bxd3 11. Qxd3 c6 12. g5 Nfd7 13. Bf4 Nxe5 14. Bxe5 O-O 15. O-O-O Nd7 16. Bg3 Qa5 17. Rhe1 Bb4 18.
a3 Bxc3 19. Qxc3 Qxc3 20. bxc3 Rfe8 21. Kd2 b5 22. Bd6 Nb6 23. Bc5 Nc4+ 24. Kc1 a6 25. Bb4 a5 26. Bc5 a4 27. Bb4 f6 28. gxf6 gxf6 29. Rg1+ Kf7 30. Rde1 Rxe1+ 31. Rxe1 Re8 32. Rxe8 Kxe8 33. Kd1 Kf7 34. Ke2 Kg6 35. Kf3 Kf5 36. Bf8 h5 37. Bb4 Nd2+ 38. Ke2 Ne4 39. Kf3 Nd2+ 40.
Ke2 Nc4 41. Kf3 Nb6 42. Bc5 Na8 43. Bb4 Nc7 44. Bd6 Ne6 45. Bb4 Nf4 46. Bc5 Ng6 47. Kg3 Ke4 48. Bb6 f5 49. Bd8 f4+ 50. Kg2 f3+ 51.
Kg3 Nf8 52. Be7 Ne6 53. Bb4 Ng7 54. Bc5 Nf5+ 55. Kh3 Kf4 56. Bb6 Ke4 57. Bc5 Nh6 58. Kg3 Nf5+ 59. Kh3 Ng7 60. Bb4 Ne6 61. Kg3 Nf4 62.
Ba5 Ne2+ 63. Kh3 Kf4 64. Bc7+ Ke4 65. Ba5 Nf4+ 66. Kg3 Ng6 67. Bd8 Nf8 68. Ba5 Ne6 69. Bb4 Nf4 70. Ba5 1/2-1/2

[Event "*** Titled Tuesday Blitz"]
[Site "Chess.com"]
[Date "2018.04.03"]
[Round "3"]
[White "Albertu"]
[Black "GasconJR"]
[Result "0-1"]
[WhiteElo "2234"]
[BlackElo "2338"]
[TimeControl "180+2"]
[EndTime "13:39:12 PDT"]
[Termination "GasconJR won by resignation"]

1. e4 e5 2. Nf3 Nc6 3. Bb5 a6 4. Ba4 Nf6 5. O-O Be7 6. Re1 b5 7.
Bb3 O-O 8. d3 Bc5 9. c3 d6 10.
d4 Bb6 11. Qd3 Bg4 12. Bg5 exd4 13. Nxd4 Ne5 14. Qg3 h6 15. Bxf6 Qxf6 16. f4 Nc4 17.
Bxc4 Bxd4+ 18. Kh1 bxc4 19. cxd4 Qxd4 20. Nc3 Bd7 21. Rad1 Qc5 22. Nd5 Kh8 23. f5 f6 24.
Nf4 Rfe8 25. Rd5 Qb6 26. Rd2 Rab8 27. h3 Qa5 28. Rde2 Rb5 29. Qg6 Re7 30. Nd5 Be8 31. Qg3 Rd7 32. a3 Bf7 33. Nf4 Re7 34. Ng6+ Bxg6 35.
Qxg6 Rbe5 36. Qg4 c3 37. bxc3 Qxc3 38. Rb1 Rb5 39. Rxb5 axb5 40. Qf3 Qxf3 41. gxf3 d5 42. Rc2 dxe4 43. fxe4 Rxe4 44. Rxc7 Ra4 45. Rc5 Rxa3 46. Kg2 Rb3 47. Rc8+ Kh7 48. Rc7 b4 49. Rb7 h5 50.
h4 Kh6 51. Rb6 Rb2+ 52. Kg3 b3 53. Kh3 Rb1 54. Kg2 Kh7 55. Rb7 Kg8 56. Kf2 Kf8 57. Ke2 b2 58. Kd2 Rh1 59. Rxb2 Rh2+ 60. Kc3 Rxh4 61.
Rb7 Rf4 62. Rb5 Kg8 63. Kd3 Kh7 64. Ke3 Rg4 65. Kf3 Kh6 66. Rb7 Rc4 67. Rf7 h4 68.
Rf8 Kg5 69. Rg8 Rc7 70. Ke4 Re7+ 71. Kd5 Kxf5 72. Kd6 Rf7 73. Rh8 g5 74. Kd5 Rd7+ 75.
Kc4 Kg4 0-1

[Event "*** Titled Tuesday Blitz"]
[Site "Chess.com"]
[Date "2018.04.03"]
[Round "3"]
[White "SmoothAsAHedgehog"]
[Black "Bigfish1995"]
[Result "1/2-1/2"]
[WhiteElo "2583"]
[BlackElo "2769"]
[TimeControl "180+2"]
[EndTime "13:39:20 PDT"]
[Termination "Game drawn by repetition"]

1. Nf3 Nf6 2. c4 e6 3. g3 d5 4. Bg2 Be7 5. O-O O-O 6. b3 b6 7.
Bb2 Bb7 8. e3 c5 9. Nc3 dxc4 10.
bxc4 Ne4 11. d3 Nxc3 12. Bxc3 Bf6 13. Qc2 Nc6 14. Rfd1 Qe7 15. a3 Rfd8 16. Rd2 Rd7 17. Rad1 Rad8 18. Qb2 Bxc3 19. Qxc3 e5 20. Nh4 g6 21.
Bd5 Rxd5 22. cxd5 Rxd5 23. Qc4 Rd6 24. Qg4 Qd8 25. Qe2 Na5 26. Nf3 Qf6 27. e4 Bc8 28. Kg2 Bg4 29. h3 Bd7 30. Rb2 Qe6 31. Ng5 Qe7 32. Nf3 Ba4 33. Rdd2 Nb3 34. Rdc2 Na5 35. Rd2 Bd7 36. Qe3 f6 37. g4 Kg7 38.
Qe1 Qe6 39. Qe3 h5 40. Nh2 Nb3 41. gxh5 Nxd2 42. h6+ Kh7 43. Rxd2 c4 44. Ng4 c3 45. Rc2 Qb3 46. Qc1 Rc6 47. Ne3 Be6 48. Nd1 Qb5 49.
Rxc3 Rxc3 50. Qxc3 Kxh6 51. Ne3 Qd7 52. h4 Kh5 53. Kg3 Qd6 54. a4 f5 55. Kg2 f4 56.
Nc4 Bxc4 57. Qxc4 Kxh4 58. Qf7 Kg5 59. Qe8 a5 60. Qh8 Qf6 61. Qh3 Qe7 62. Qh8 Qd6 63. Qe8 Kf6 64. Qh8+ Ke7 65. Qg7+ Kd8 66. Qb7 Qc7 67.
Qd5+ Ke7 68. Qg8 Qd6 69. Qg7+ Kd8 70. Qb7 Ke8 71. Qg7 Qe6 72. Kh2 Kd8 73. Qb7 Qd6 74.
Kg2 1/2-1/2

[Event "*** Titled Tuesday Blitz"]
[Site "Chess.com"]
[Date "2018.04.03"]
[Round "3"]
[White "KRASAVCHIK2002"]
[Black "nochewycandy"]
[Result "1-0"]
[WhiteElo "1962"]
[BlackElo "1996"]
[TimeControl "180+2"]
[EndTime "13:39:21 PDT"]
[Termination "KRASAVCHIK2002 won by checkmate"]

1. d4 Nf6 2. Nf3 g6 3. Bg5 Ne4 4. Bf4 c5 5. c3 Bg7 6. e3 Qb6 7. Qb3 Nc6 8. Bd3 Qxb3 9. axb3 d5 10. Nbd2 Bf5 11. Bxe4 dxe4 12. Ng5 cxd4 13. exd4 e5 14. dxe5 Nxe5 15. Bxe5 Bxe5 16. Ngxe4 O-O 17. O-O a6 18. Rfe1 Bf4 19. Nc4 Rad8 20. g3 Bb8 21. Nc5 Bc8 22.
Rad1 b5 23. Nb6 Rxd1 24. Rxd1 Bg4 25. Re1 Ba7 26. Nbd7 Rd8 27. Nf6+ Kg7 28. Nxg4 Bxc5 29. Re2 h5 30. Ne5 Rd1+ 31. Kg2 a5 32. Nc6 a4 33.
b4 Bb6 34. Ne5 Kf6 35. Nf3 Rd5 36. Nd2 Rd3 37. Nf3 a3 38. bxa3 Rxc3 39. Ne5 Bc7 40. Nd7+ Kg7 41. Re3 Rxe3 42. fxe3 f6 43. Kf3 Kf7 44.
Nc5 Ke7 45. Nb3 Be5 46. Nd4 Kd7 47. Nxb5 Bb2 48. a4 Kc6 49. Nd4+ Kb6 50. Ke4 Bc3 51.
b5 Ka5 52. Kd3 Be1 53. Nc6+ Kb6 54. Ne7 g5 55. Nd5+ Ka5 56. Nxf6 h4 57. gxh4 gxh4 58.
h3 Bg3 59. Ne4 Bh2 60. Nc3 Be5 61. e4 Kb6 62. Nd5+ Ka5 63. Kc4 Kxa4 64. b6 Ka5 65. Kc5 Ka6 66. Kc6 Bg3 67. Nb4+ Ka5 68. Nd3 Ka6 69.
e5 Ka5 70. e6 Bd6 71. Kxd6 Kxb6 72. e7 Kb5 73. e8=Q+ Kc4 74. Qe4+ Kc3 75. Ne5 Kd2 76. Qd3+ Kc1 77. Qe2 Kb1 78. Nd3 Ka1 79. Qb2# 1-0

[Event "*** Titled Tuesday Blitz"]
[Site "Chess.com"]
[Date "2018.04.03"]
[Round "3"]
[White "nickmatta"]
[Black "HanSchut"]
[Result "1-0"]
[WhiteElo "2301"]
[BlackElo "2210"]
[TimeControl "180+2"]
[EndTime "13:39:27 PDT"]
[Termination "nickmatta won by resignation"]

1. d4 Nf6 2. c4 g6 3. Nc3 d5 4. Nf3 Bg7 5. cxd5 Nxd5 6. e4 Nxc3 7. bxc3 c5 8. Be3 Qa5 9. Qd2 O-O 10. Rc1 cxd4 11. cxd4 Qxd2+ 12. Kxd2 Rd8 13. Bc4 Nc6 14. d5 e6 15. Ke2 exd5 16. Bxd5 Bg4 17. Bxc6 bxc6 18.
Rxc6 Bd7 19. Rc5 Rab8 20. Rhc1 Rb2+ 21. R5c2 Bb5+ 22. Ke1 Bc3+ 23. Bd2 Bxd2+ 24. Nxd2 Rb4 25. Rb1 Rxb1+ 26. Nxb1 Bd3 27. Rd2 Rb8 28. Rxd3 Rxb1+ 29. Ke2 Rb2+ 30. Rd2 Rb4 31. Ke3 Kg7 32. Rd4 Rb2 33. Ra4 Rb7 34. Ra6 f6 35. f4 Rc7 36. e5 fxe5 37.
fxe5 Kf7 38. Kd4 Ke7 39. g4 Rb7 40. g5 Rb4+ 41. Kc5 Rb7 42. h4 Rd7 43. a4 Rc7+ 44. Kd5 Rd7+ 45. Rd6 Rb7 46. Rc6 Rd7+ 47. Ke4 Rb7 48. Kd5 Rd7+ 49. Rd6 Rb7 50. h5 gxh5 51.
Rh6 Rd7+ 52. Ke4 Kf8 53. Rxh5 Kg7 54. Rh6 Rb7 55. Ra6 Kf7 56. Kf5 Kg7 57. a5 Rc7 58.
Rd6 Rb7 59. Ke6 Kg6 60. Rd7 Rb5 61. Rxa7 Kxg5 62. Kd6 h5 63. e6 Rb2 64. e7 Rd2+ 65. Ke6 Re2+ 66. Kf7 Rf2+ 67. Kg7 Re2 68. Kf8 Rf2+ 69.
Kg8 Re2 70. Rd7 h4 71. Kf8 Rf2+ 72. Kg7 Re2 73. a6 h3 74. a7 h2 75. a8=Q Re1 76. Rd5+ Kf4 77. Rh5 Rg1+ 78. Kf6 1-0

[Event "*** Titled Tuesday Blitz"]
[Site "Chess.com"]
[Date "2018.04.03"]
[Round "3"]
[White "Entilza"]
[Black "ChesterF"]
[Result "0-1"]
[WhiteElo "2186"]
[BlackElo "2308"]
[TimeControl "180+2"]
[EndTime "13:39:32 PDT"]
[Termination "ChesterF won by resignation"]

1. d4 Nf6 2. c4 g6 3. Nc3 Bg7 4. e4 d6 5. Nf3 O-O 6. Be2 e5 7. O-O Nc6 8. d5 Ne7 9. Ne1 Nd7 10. Nd3 f5 11. f3 Nf6 12. Bd2 f4 13.
Rc1 g5 14. c5 Ng6 15. Nb5 Rf7 16. Nf2 h5 17. cxd6 cxd6 18. Qc2 Ne8 19. Nxa7 Bd7 20. Nb5 Qb6 21. a4 g4 22. a5 Rxa5 23. Bxa5 Qxa5 24. Qd3 Qb6 25. Kh1 g3 26. Nd1 gxh2 27. Rf2 Bf8 28. Bf1 h4 29. Nbc3 Rf6 30. Ne2 Rf7 31. Kxh2 Rh7 32. Ng1 h3 33. Nxh3 Qd8 34. Rcc2 Qg5 35. Kh1 Qg3 36. Qd2 Nh4 37. Rc3 Be7 38. b4 Bd8 39.
Nb2 Bxh3 40. gxh3 Rg7 41. Bg2 Nxg2 42. Rxg2 Qxh3+ 43. Kg1 Bb6+ 44. Rc5 dxc5 45. Na4 Bd8 46. bxc5 Qxf3 47. Rxg7+ Kxg7 48. Qg2+ Qxg2+ 49. Kxg2 Nf6 50. Kf3 Nh7 51. Nc3 Kf6 52. Kg4 Ng5 53. c6 bxc6 54. dxc6 Ne6 55. Nd5+ Kg6 56. Kf3 Nc7 57. Nxf4+ exf4 58. Kxf4 Kf6 59. e5+ Ke6 60. Ke4 Nd5 61. Kd4 Bc7 62. Ke4 Bxe5 63. Kd3 Nc7 64. Ke4 Kd6 65. Kf5 Bg7 66. Kg5 Ba1 67. Kg6 Kxc6 68. Kf5 Kd6 69. Kf4 Kd5 70. Kf5 Ne6 71. Kg4 Ke4 72. Kg3 Bd4 73. Kg4 Bf2 74. Kh5 Kf5 75. Kh6 Bg3 76.
Kh5 Ng7+ 77. Kh6 Kf6 78. Kh7 Kf7 79. Kh6 Bf4+ 80. Kh7 Ne6 81. Kh8 Bc1 82. Kh7 Nf8+ 0-1